 Dungeon Crawl Stone Soup version 0.29-a0-283-ga02f740833 (webtiles) character file.

Game seed: 8831262492858111657

67 Dabor the Skirmisher (level 4, 0/37 HPs)
             Began as a Formicid Abyssal Knight on Mar 13, 2022.
             Was a Priest of Lugonu.
             Slain by a hobgoblin (2 damage)
             ... led by Robin
             ... on level 2 of the Dungeon.
             The game lasted 00:04:07 (2380 turns).

Dabor the Skirmisher (Formicid Abyssal Knight)      Turns: 2380, Time: 00:04:08

Health: 0/37       AC:  3    Str: 20    XL:     4   Next: 40%
Magic:  6/6        EV: 11    Int:  9    God:    Lugonu [***...]
Gold:   61         SH:  0    Dex: 11    Spells: 3/3 levels left

rFire   . . .      SeeInvis +   a - +1 spear
rCold   . . .      Faith    .   (no shield)
rNeg    . . .      Spirit   .   b - +0 leather armour
rPois   .          Reflect  .   (helmet unavailable)
rElec   .          Harm     .   (no cloak)
rCorr   .          Rampage  .   (no gloves)
Will    .....                   (no boots)
Stlth   +.........              (no amulet)
HPRegen 0.12/turn               (no ring)
MPRegen 0.10/turn               (no ring)

@: no status effects
A: permanent stasis, dig shafts and tunnels, antennae 3, four strong arms
a: Dig, Shaft Self, Renounce Religion, Depart the Abyss, Bend Space, Banish


You were on level 2 of the Dungeon.
You worshipped Lugonu.
Lugonu was most pleased with you.
You visited 1 branch of the dungeon, and saw 2 of its levels.
You visited the Abyss 1 time.

You collected 61 gold pieces.

Inventory:

Hand Weapons
 a - a +1 spear (weapon)
Armour
 b - a +0 leather armour (worn)
Jewellery
 f - a ring of poison resistance
Scrolls
 g - a scroll of teleportation


   Skills:
 + Level 3.7 Fighting
 + Level 2.5 Polearms
 + Level 2.7 Armour
 + Level 1.5 Dodging
 + Level 1.0 Stealth
 + Level 3.1 Invocations


You had 3 spell levels left.
You didn't know any spells.
Your spell library contained the following spells:

 Spells                   Type           Power      Damage    Failure   Level
 Call Canine Familiar     Summ           0%         N/A       80%         3
 Portal Projectile        Hex/Tloc       0%         N/A       80%         3
 Leda's Liquefaction      Hex/Erth       0%         N/A       99%         4


Dungeon Overview and Level Annotations

Branches:
Dungeon (2/15)

Altars:

Annotations:
D:1 Terence


Innate Abilities, Weirdness & Mutations

You cannot be hasted, slowed, berserked, paralysed or teleported.
You can dig through walls and to a lower floor.
You have a pair of large antennae on your head. (SInv)
Your four strong arms can wield two-handed weapons with a shield.


Message History

The goblin attacks as you move away! The goblin closely misses you.
The goblin no longer looks unusually strong.
You aren't carrying any potions.
Okay, then.
You barely miss the goblin. Your punch misses the goblin.
The goblin barely misses you.
You closely miss the goblin. The goblin barely misses you.
Throw: throwing net
Press: ? - help, Q - select action, (/) - cycle Shift-Dir - straight line, f - goblin
Aim: a goblin, wielding a +0 club (strong, 47% to hit)
You throw a throwing net. The throwing net misses the goblin.
The throwing net closely misses the hobgoblin.
The goblin no longer looks unusually strong.
The goblin hits you but does no damage.
You hit the goblin.
The goblin is moderately wounded.
The goblin hits you with a +0 club.
* * * LOW HITPOINT WARNING * * *
The hobgoblin no longer looks unusually strong.
You closely miss the goblin.
The goblin is moderately wounded.
The goblin hits you but does no damage.
You barely miss the goblin.
The goblin is moderately wounded.
The goblin closely misses you.
You closely miss the goblin.
The goblin is moderately wounded.
The goblin closely misses you.
You completely miss the goblin.
The goblin is moderately wounded.
The goblin hits you but does no damage.
You closely miss the goblin.
The goblin is moderately wounded.
The goblin hits you with a +0 club.
* * * LOW HITPOINT WARNING * * *
You hit the goblin.
You kill the goblin!
Lugonu accepts your kill.
You barely miss the hobgoblin. The hobgoblin hits you.
You die...

# #.#...#....##.#.......# #
##.....................#
.###.##...#..####.#....####
#...####.##..# #.##.#.#
###.# #..#.)# ##.##.#.###
###.# ##.#.g# #..##.....#
....# #.#..#
#.###.....####.# #####
#.#.<# #.# #..........# #
#.#..# #@# #.(...###### #
#.#..# #g# #.....# #
#.#..###g#####.#####
#########.#.g...gg.........#
...........#.........#####.#
#########..#####.##..# #.#
#...>...(##..# #.#
#.#########..# #)#
#.#########..# #.#


You could see a hobgoblin and 3 goblins.

Vanquished Creatures
  Robin (D:2)
  A worm (D:2)
  3 endoplasms (D:1)
  2 giant cockroaches (D:1)
  6 hobgoblins
  3 jackals (D:1)
  6 kobolds
  2 quokkas
  4 ball pythons
  6 bats
  4 frilled lizards
  6 goblins
  6 rats
50 creatures vanquished.

Notes
Turn   | Place    | Note
-------+----------+-------------------------------------------
     0 | Abyss:1  | Dabor the Formicid Abyssal Knight began the quest for the
                  | Orb.
     0 | Abyss:1  | Reached XP level 1. HP: 18/18 MP: 2/2
     9 | D:1      | Escaped the Abyss
    65 | D:1      | Reached skill level 1 in Dodging
   122 | D:1      | Reached XP level 2. HP: 12/24 MP: 3/3
   560 | D:1      | Reached XP level 3. HP: 28/29 MP: 4/4
  1350 | D:2      | Reached *** piety under Lugonu
  1692 | D:2      | Noticed Robin
  1965 | D:2      | Reached XP level 4. HP: 32/34 MP: 6/6
  1981 | D:2      | Noticed Terence
  2355 | D:2      | Killed Robin
  2356 | D:2      | Reached skill level 1 in Stealth
  2380 | D:2      | Slain by a hobgoblin

Illustrated notes

Levels and vault maps discovered:
D:1:      mrwooster_arrival_statue_3, layout_loops_ring,
          grunt_decor_mini_mirrors
D:2:      layout_loops_ring, uniq_terence, uniq_robin

Skill      XL: |  1  2  3  4 |
---------------+-------------+-----
Dodging        | 1 |  1.5
Invocations    | 3 |  3.1
Stealth        | 1 |  1.0
Fighting       | |  3.7
Polearms       | |  2.5
Armour         | |  2.7

Action                   |  1- 3 |  4- 6 || total
-------------------------+-------+-------++-------
Melee: Spear             |   136 |    39 ||   175
       Punch             |     2 |     1 ||     3
Throw: Throwing net      |       |     1 ||     1
Invok: Bend Space        |       |     5 ||     5
  Use: Scroll            |     5 |       ||     5
 Stab: Sleeping          |     2 |       ||     2
Armor: Leather armour    |    28 |    13 ||    41
Dodge: Dodged            |    63 |    34 ||    97

Table legend: (Time is in decaauts)
 A = Elapsed time spent in this place.
 B = Non-inter-level travel time spent in this place.
 C = Inter-level travel time spent in this place.
 D = Time resting spent in this place.
 E = Time spent auto-exploring this place.
 F = Levels seen in this place.
 G = Mean time per level.
                   A        B        C        D        E       F      G
               +--------+--------+--------+--------+--------+-----+--------+
         Total |   2381 |   2330 |     51 |    624 |   1213 |   3 |  793.7 |
       Dungeon |   2372 |   2321 |     51 |    624 |   1213 |   2 | 1186.0 |
         Abyss |      9 |      9 |      0 |      0 |      0 |   1 |    9.0 |
               +--------+--------+--------+--------+--------+-----+--------+

Top non-repeatable levels by time:
     D:1: 1565 daAuts
     D:2: 806 daAuts
 Abyss:1: 9 daAuts
